| TOP OF THE 1ST |
|
Boise Hawks batting - Pitching for Eugene Emeralds : RHP Luis Solis
|
|
Pitching: RHP Luis Solis
|
|
|
Batting: RHB Aaron Burnet
|
0-0: Ball 1-0: Called Strike 1-1: Ball 2-1: Ball 3-1: Swinging Strike 3-2: Strikes out swinging, 2-3 out at first.
|
|
Batting: RHB Carlos de Jesus
|
0-0: Ball 1-0: Called Strike 1-1: Swinging Strike 1-2: Strikes out looking
|
|
Batting: SHB Chris Besselman
|
0-0: Called Strike 0-1: Ball 1-1: Ball 2-1: Ball 3-1: Foul Ball, location: 2F 3-2: Ground out 4-3 (Groundball, 4, EV 83.8 MPH)
|
| Top of the 1st over - 0 runs, 0 hits, 0 errors, 0 left on base; Boise 0 - Eugene 0 |
| BOTTOM OF THE 1ST |
|
Eugene Emeralds batting - Pitching for Boise Hawks : LHP Bill Hussey
|
|
Pitching: LHP Bill Hussey
|
|
|
Batting: RHB Du Kim
|
0-0: Fly out, F4 (Popup, 3S, EV 82.5 MPH)
|
|
Batting: RHB Ricky Ramirez
|
0-0: Called Strike 0-1: Ball 1-1: Foul Ball, location: 2F 1-2: Ball 2-2: Foul Ball, location: 2F 2-2: Ground out 6-3 (Groundball, 6, EV 95.6 MPH)
|
|
Batting: RHB Mike Hill
|
0-0: SINGLE (Groundball, 56D, EV 90.0 MPH) (infield hit)
|
|
Pinch Runner at 1st Adrian Cox:
|
|
|
Batting: RHB Bill Holmes
|
0-0: Swinging Strike 0-1: Ball Adrian Cox steals 2nd base 1-1: Ground out 5-3 (Groundball, 56, EV 93.1 MPH)
|
| Bottom of the 1st over - 0 runs, 1 hit, 0 errors, 1 left on base; Boise 0 - Eugene 0 |
| TOP OF THE 2ND |
|
Boise Hawks batting - Pitching for Eugene Emeralds : RHP Luis Solis
|
|
Now at 1B: Adrian Cox
|
|
|
Batting: RHB Dan Hoffman
|
0-0: Called Strike 0-1: Foul Ball, location: 2F 0-2: Strikes out swinging
|
|
Batting: RHB Ryan Ward
|
0-0: Called Strike 0-1: Ball 1-1: Fly out, F8 (Line Drive, 8LM, EV 93.1 MPH)
|
|
Batting: SHB Justin Jackson
|
0-0: Swinging Strike 0-1: Called Strike 0-2: Ball 1-2: SOLO HOME RUN (Line Drive, 9LD, EV 95.0 MPH), Distance : 367 ft
|
|
Batting: RHB Bob Hayes
|
0-0: Called Strike 0-1: Swinging Strike 0-2: Ball 1-2: Foul Ball, location: 2F 1-2: Foul Ball, location: 2F 1-2: Strikes out swinging
|
| Top of the 2nd over - 1 run, 1 hit, 0 errors, 0 left on base; Boise 1 - Eugene 0 |
| BOTTOM OF THE 2ND |
|
Eugene Emeralds batting - Pitching for Boise Hawks : LHP Bill Hussey
|
|
Batting: RHB Jorge Lagunas
|
0-0: Fly out, F7 (Flyball, 78M, EV 93.1 MPH)
|
|
Batting: RHB Dave de Wolff
|
0-0: Ground out 6-3 (Groundball, 6D, EV 107.5 MPH)
|
|
Batting: RHB Gilberto Alvarado
|
0-0: Called Strike 0-1: Ball 1-1: SINGLE (Groundball, 4MD, EV 106.2 MPH)
|
|
Batting: RHB Dan Orozco
|
0-0: Called Strike 0-1: Ball 1-1: Ball Gilberto Alvarado steals 2nd base 2-1: Called Strike 2-2: Ball 3-2: DOUBLE (Line Drive, 7LM, EV 105.0 MPH) Gilberto Alvarado scores
|
|
Batting: RHB David Bousfield
|
0-0: Ball 1-0: Foul Ball, location: 2F 1-1: Ball 2-1: Foul Ball, location: 2F 2-2: Strikes out swinging
|
| Bottom of the 2nd over - 1 run, 2 hits, 0 errors, 1 left on base; Boise 1 - Eugene 1 |
| TOP OF THE 3RD |
|
Boise Hawks batting - Pitching for Eugene Emeralds : RHP Luis Solis
|
|
Batting: LHB Jason Ryan
|
0-0: Called Strike 0-1: Foul Ball, location: 2F 0-2: Ball 1-2: Fly out, F9 (Flyball, 89S, EV 75.0 MPH)
|
|
Batting: RHB Wei-fang Ping
|
0-0: SINGLE (Line Drive, 6D, EV 105.6 MPH)
|
|
Batting: RHB Aaron Burnet
|
0-0: Called Strike 0-1: Ball 1-1: Foul Ball, location: 2F 1-2: Strikes out swinging
|
|
Batting: RHB Carlos de Jesus
|
0-0: Foul Ball, location: 2F 0-1: Fly out, F8 (Flyball, 89M, EV 88.1 MPH)
|
| Top of the 3rd over - 0 runs, 1 hit, 0 errors, 1 left on base; Boise 1 - Eugene 1 |
| BOTTOM OF THE 3RD |
|
Eugene Emeralds batting - Pitching for Boise Hawks : LHP Bill Hussey
|
|
Batting: RHB Du Kim
|
0-0: Swinging Strike 0-1: Ball 1-1: Ball 2-1: Fly out, F8 (Line Drive, 8LD, EV 96.2 MPH)
|
|
Batting: RHB Ricky Ramirez
|
0-0: Ball 1-0: Foul Ball, location: 2F 1-1: Fly out, F8 (Flyball, 8RD, EV 93.8 MPH)
|
|
Batting: RHB Adrian Cox
|
0-0: Called Strike 0-1: Called Strike 0-2: Ground out 6-3 (Groundball, 6M, EV 82.5 MPH)
|
| Bottom of the 3rd over - 0 runs, 0 hits, 0 errors, 0 left on base; Boise 1 - Eugene 1 |
| TOP OF THE 4TH |
|
Boise Hawks batting - Pitching for Eugene Emeralds : RHP Luis Solis
|
|
Batting: SHB Chris Besselman
|
0-0: Ball 1-0: Called Strike 1-1: Foul Ball, location: 2F 1-2: Ball 2-2: Strikes out swinging
|
|
Batting: RHB Dan Hoffman
|
0-0: Ball 1-0: Ball 2-0: Foul Ball, location: 2F 2-1: Swinging Strike 2-2: Strikes out swinging
|
|
Batting: RHB Ryan Ward
|
0-0: Ball 1-0: SINGLE (Line Drive, 9S, EV 107.5 MPH)
|
|
Batting: SHB Justin Jackson
|
0-0: Called Strike 0-1: Called Strike 0-2: Strikes out swinging
|
| Top of the 4th over - 0 runs, 1 hit, 0 errors, 1 left on base; Boise 1 - Eugene 1 |
| BOTTOM OF THE 4TH |
|
Eugene Emeralds batting - Pitching for Boise Hawks : LHP Bill Hussey
|
|
Batting: RHB Bill Holmes
|
0-0: Ball 1-0: Called Strike 1-1: Ground out 6-3 (Groundball, 6M, EV 88.8 MPH)
|
|
Batting: RHB Jorge Lagunas
|
0-0: Ground out 4-3 (Groundball, 4, EV 100.6 MPH)
|
|
Batting: RHB Dave de Wolff
|
0-0: Ball 1-0: Ball 2-0: Ball 3-0: Swinging Strike 3-1: Called Strike 3-2: Foul Ball, location: 2F 3-2: Fly out, F7 (Line Drive, 78D, EV 99.4 MPH)
|
| Bottom of the 4th over - 0 runs, 0 hits, 0 errors, 0 left on base; Boise 1 - Eugene 1 |
| TOP OF THE 5TH |
|
Boise Hawks batting - Pitching for Eugene Emeralds : RHP Luis Solis
|
|
Batting: RHB Bob Hayes
|
0-0: Ball 1-0: Foul Ball, location: 2F 1-1: Ball 2-1: Foul Ball, location: 2F 2-2: Ball 3-2: Base on Balls
|
|
Batting: LHB Jason Ryan
|
0-0: Called Strike 0-1: Ball 1-1: Ball 2-1: 2-RUN HOME RUN (Flyball, 9D, EV 104.4 MPH), Distance : 377 ft
|
|
Batting: RHB Wei-fang Ping
|
0-0: Called Strike 0-1: Foul Ball, location: 2F 0-2: Ball 1-2: Foul Ball, location: 2F 1-2: Ground out 4-3 (Groundball, 4M, EV 90.0 MPH)
|
|
Batting: RHB Aaron Burnet
|
0-0: Foul Ball, location: 2F 0-1: Ball 1-1: Fly out, F8 (Flyball, 8LD, EV 89.4 MPH)
|
|
Batting: RHB Carlos de Jesus
|
0-0: Ball 1-0: Called Strike 1-1: DOUBLE (Line Drive, 3D, EV 98.8 MPH)
|
|
Batting: SHB Chris Besselman
|
Balk! Carlos de Jesus to third 0-0: Called Strike 0-1: Ball 1-1: Foul Ball, location: 2F 1-2: Ball 2-2: Ball 3-2: Strikes out looking
|
| Top of the 5th over - 2 runs, 2 hits, 0 errors, 1 left on base; Boise 3 - Eugene 1 |
| BOTTOM OF THE 5TH |
|
Eugene Emeralds batting - Pitching for Boise Hawks : LHP Bill Hussey
|
|
Batting: RHB Gilberto Alvarado
|
0-0: Ball 1-0: Ball 2-0: Ball 3-0: Called Strike 3-1: Ground out U3 (Groundball, 34, EV 100.6 MPH)
|
|
Batting: RHB Dan Orozco
|
0-0: Ball 1-0: Foul Ball, location: 2F 1-1: Called Strike 1-2: Ball 2-2: Foul Ball, location: 2F 2-2: Ball 3-2: Ground out U3 (Groundball, 3, EV 87.5 MPH)
|
|
Batting: RHB David Bousfield
|
0-0: Ball 1-0: Called Strike 1-1: Hit by Pitch
|
|
Batting: RHB Du Kim
|
0-0: Called Strike 0-1: Ball David Bousfield steals 2nd base 1-1: Foul Ball, location: 2F 1-2: Fly out, F8 (Flyball, 8RD, EV 108.1 MPH)
|
| Bottom of the 5th over - 0 runs, 0 hits, 0 errors, 1 left on base; Boise 3 - Eugene 1 |
| TOP OF THE 6TH |
|
Boise Hawks batting - Pitching for Eugene Emeralds : RHP Luis Solis
|
|
Pitching: RHP Reginald Bamber
|
|
|
Batting: RHB Dan Hoffman
|
0-0: Called Strike 0-1: DOUBLE (Line Drive, 78XD, EV 101.9 MPH)
|
|
Batting: RHB Ryan Ward
|
0-0: Called Strike 0-1: Swinging Strike 0-2: Ball 1-2: Strikes out swinging
|
|
Batting: SHB Justin Jackson
|
0-0: Foul Ball, location: 2F 0-1: Ball 1-1: Ball 2-1: Foul Ball, location: 2F 2-2: Strikes out looking
|
|
Batting: RHB Bob Hayes
|
0-0: Foul Ball, location: 2F 0-1: SINGLE (Groundball, 4MD, EV 105.0 MPH) Dan Hoffman to third Runner from 3rd tries for Home, SAFE, throw by CF to home
|
|
Batting: LHB Jason Ryan
|
0-0: Called Strike Bob Hayes steals 2nd base 0-1: Swinging Strike 0-2: Ball 1-2: Ball 2-2: Foul Ball, location: 2F 2-2: Ball 3-2: Strikes out swinging
|
| Top of the 6th over - 1 run, 2 hits, 0 errors, 1 left on base; Boise 4 - Eugene 1 |
| BOTTOM OF THE 6TH |
|
Eugene Emeralds batting - Pitching for Boise Hawks : LHP Bill Hussey
|
|
Batting: RHB Ricky Ramirez
|
0-0: Ball 1-0: Ball 2-0: Ball 3-0: Called Strike 3-1: Swinging Strike 3-2: Foul Ball, location: 2F 3-2: Ground out 5-3 (Groundball, 56, EV 106.2 MPH)
|
|
Pitching: LHP Omar Samario
|
|
|
Batting: RHB Adrian Cox
|
0-0: Foul Ball, location: 2F 0-1: Ball 1-1: Called Strike 1-2: Ground out 6-3 (Groundball, 6, EV 81.9 MPH)
|
|
Batting: RHB Bill Holmes
|
0-0: Ball 1-0: Ball 2-0: Called Strike 2-1: SINGLE (Groundball, 34D, EV 105.6 MPH)
|
|
Batting: RHB Jorge Lagunas
|
0-0: Called Strike Pickoff Throw to First - Out! 1-3
|
| Bottom of the 6th over - 0 runs, 1 hit, 0 errors, 0 left on base; Boise 4 - Eugene 1 |
| TOP OF THE 7TH |
|
Boise Hawks batting - Pitching for Eugene Emeralds : RHP Reginald Bamber
|
|
Pitching: RHP Francisco Landin
|
|
|
Batting: RHB Wei-fang Ping
|
0-0: Foul Ball, location: 2F 0-1: Called Strike 0-2: Ball 1-2: Foul Ball, location: 2F 1-2: Strikes out swinging, 2-3 out at first.
|
|
Batting: RHB Aaron Burnet
|
0-0: Ball 1-0: Ground out 4-3 (Groundball, 4M, EV 103.8 MPH)
|
|
Batting: RHB Carlos de Jesus
|
0-0: Ball 1-0: Foul Ball, location: 2F 1-1: Foul Ball, location: 2F 1-2: Ball 2-2: Ball 3-2: Ground out U3 (Groundball, 34S, EV 70.6 MPH)
|
| Top of the 7th over - 0 runs, 0 hits, 0 errors, 0 left on base; Boise 4 - Eugene 1 |
| BOTTOM OF THE 7TH |
|
Eugene Emeralds batting - Pitching for Boise Hawks : LHP Omar Samario
|
|
Batting: RHB Jorge Lagunas
|
0-0: Called Strike 0-1: Ground out 6-3 (Groundball, 56, EV 83.1 MPH)
|
|
Batting: RHB Dave de Wolff
|
0-0: Called Strike 0-1: Called Strike 0-2: Foul Ball, location: 2F 0-2: SINGLE (Line Drive, 6MD, EV 99.4 MPH)
|
|
Batting: RHB Gilberto Alvarado
|
0-0: Ball 1-0: Ball Dave de Wolff steals 2nd base 2-0: Called Strike 2-1: Fly out, F4 (Popup, 34S, EV 83.8 MPH)
|
|
Batting: RHB Dan Orozco
|
0-0: Ball 1-0: Fly out, F8 (Flyball, 8LD, EV 76.2 MPH)
|
| Bottom of the 7th over - 0 runs, 1 hit, 0 errors, 1 left on base; Boise 4 - Eugene 1 |
| TOP OF THE 8TH |
|
Boise Hawks batting - Pitching for Eugene Emeralds : RHP Francisco Landin
|
|
Batting: SHB Chris Besselman
|
0-0: Ball 1-0: Called Strike 1-1: Foul Ball, location: 2F 1-2: Strikes out swinging
|
|
Batting: RHB Dan Hoffman
|
0-0: Called Strike 0-1: Swinging Strike 0-2: Ball 1-2: Strikes out swinging
|
|
Batting: RHB Ryan Ward
|
0-0: Ground out 4-3 (Groundball, 4, EV 99.4 MPH)
|
| Top of the 8th over - 0 runs, 0 hits, 0 errors, 0 left on base; Boise 4 - Eugene 1 |
| BOTTOM OF THE 8TH |
|
Eugene Emeralds batting - Pitching for Boise Hawks : LHP Omar Samario
|
|
Batting: RHB David Bousfield
|
0-0: Ball 1-0: Ball 2-0: Ground out U3 (Groundball, 34S, EV 84.4 MPH)
|
|
Batting: RHB Du Kim
|
0-0: Called Strike 0-1: Called Strike 0-2: Ground out 5-3 (Groundball, 56, EV 85.0 MPH)
|
|
Batting: RHB Ricky Ramirez
|
0-0: Foul Ball, location: 2F 0-1: Ball 1-1: Fly out, F8 (Line Drive, 8RM, EV 91.2 MPH)
|
| Bottom of the 8th over - 0 runs, 0 hits, 0 errors, 0 left on base; Boise 4 - Eugene 1 |
| TOP OF THE 9TH |
|
Boise Hawks batting - Pitching for Eugene Emeralds : RHP Francisco Landin
|
|
Pitching: RHP Alberto Cabrera
|
|
|
Batting: SHB Justin Jackson
|
0-0: Ball 1-0: Called Strike 1-1: Foul Ball, location: 2F 1-2: Ground out 6-3 (Groundball, 6, EV 87.5 MPH)
|
|
Batting: RHB Bob Hayes
|
0-0: Called Strike 0-1: Swinging Strike 0-2: Strikes out looking
|
|
Batting: LHB Jason Ryan
|
0-0: Ball 1-0: Ground out 4-3 (Groundball, 4, EV 78.8 MPH)
|
| Top of the 9th over - 0 runs, 0 hits, 0 errors, 0 left on base; Boise 4 - Eugene 1 |
| BOTTOM OF THE 9TH |
|
Eugene Emeralds batting - Pitching for Boise Hawks : LHP Omar Samario
|
|
Pitching: RHP Jonathan Alldritt
|
|
|
Batting: RHB Adrian Cox
|
0-0: Ball 1-0: Ground out 5-3 (Groundball, 56, EV 104.4 MPH)
|
|
Batting: RHB Bill Holmes
|
0-0: Foul Ball, location: 2F 0-1: Called Strike 0-2: Ball 1-2: Foul Ball, location: 2F 1-2: Ball 2-2: Foul Ball, location: 2F 2-2: SINGLE (Line Drive, 3D, EV 95.0 MPH)
|
|
Batting: RHB Jorge Lagunas
|
0-0: Ball 1-0: Foul Ball, location: 2F 1-1: Ball 2-1: Ball 3-1: Base on Balls Bill Holmes to second
|
|
Pinch Hitting: LHB Emir Jalil
|
0-0: Foul Ball, location: 2F 0-1: DOUBLE (Flyball, 8RXD, EV 108.8 MPH) Bill Holmes scores Jorge Lagunas to third
|
|
Batting: RHB Gilberto Alvarado
|
0-0: Ball 1-0: Ball 2-0: Ball 3-0: Base on Balls
|
|
Pinch Hitting: RHB Mike Stein
|
0-0: Ball 1-0: Foul Ball, location: 2F 1-1: Fly out, F8 (Flyball, 8RD, EV 103.1 MPH)
|
|
Pinch Hitting: RHB Mike Larson
|
0-0: Ball 1-0: Ball 2-0: Ball 3-0: Base on Balls Jorge Lagunas scores Emir Jalil to third Gilberto Alvarado to second
|
|
Batting: RHB Du Kim
|
0-0: Ball 1-0: SINGLE (Groundball, 6MD, EV 106.2 MPH) Emir Jalil scores Gilberto Alvarado to third Mike Larson to second Runner from 3rd tries for Home, SAFE, throw by CF to home
|
| Bottom of the 9th over - 4 runs, 3 hits, 0 errors, 2 left on base; Boise 4 - Eugene 5 |
|